cohdb
Replays
Latest Replays
All Replays
Popular Replays
Top Player Replays
Match Explorer
How It Works
Community
CoH3 Stats
Reddit
Sign in to upload your games and track your stats! →
Sign in with Steam
Match 43193545
Unlisted
Match 43193545
Overview
Messages
Build Orders
End
Panzergrenadier Squad
Panzergrenadier Squad
Panzergrenadier Squad
Construct Light Support Kompanie
Selects Italian Infantry
Selects Defensive Operations
2.5-tonne Medical Truck
Fire Support Elements
Pak 38 Mechanized Group
le.IG 18 Support Gun Team
Selects Prepared Positions
Pak 38 Anti-tank Gun Team
Forward Retreat Point
Construct Panzerarmee Kommand
Walking Stuka Rocket Launcher
Selects Obice 305mm Barrage
Selects Guastatori Squad
Guastatori Squad
Advanced Field Repairs
Guastatori Squad
2.5-tonne Medical Truck
Obice 305mm Barrage
Armored Reserves
Rapid Advance
Tungsten Core Ammunition
Obice 305mm Barrage
Tiger Heavy Tank
Construct Mechanized Kompanie
Flak 36 Anti-tank Gun Team
Selects Registered Artillery
Selects Towed Cannone da 105/28 Field Howitzer
MuniekPL
Papa Shango
Husar
Felipe
Monkis
0megon
ARchey
Kham
0
0
Comments
sign in to comment!
No comments posted yet!